 Dungeon Crawl Stone Soup version 0.26.1-11-gd32895ea62 (webtiles) character file.

Game seed: 18175157466565621662

766 Mysteryquy the Chopper (level 7, 0/63 HPs)
             Began as a Minotaur Berserker on July 10, 2021.
             Was a Priest of Trog.
             Succumbed to a scorpion's poison
             ... on level 4 of the Dungeon.
             The game lasted 00:04:55 (3845 turns).

Mysteryquy the Chopper (Minotaur Berserker)         Turns: 3845, Time: 00:04:56

Health: 0/63       AC:  4    Str: 23    XL:     7   Next: 52%
Magic:  6/6        EV: 13    Int:  4    God:    Trog [***...]
Gold:   185        SH:  0    Dex: 10    Spells: 6/6 levels left

rFire    . . .     SeeInvis .   l - +2 hand axe (freeze)
rCold    . . .     Faith    .   (no shield)
rNeg     . . .     Spirit   .   b - +0 animal skin
rPois    .         Reflect  .   (helmet restricted)
rElec    .         Harm     .   (no cloak)
rCorr    .         Rampage  .   (no gloves)
Will     .....                  t - +1 pair of boots
Stlth    ++........             (no amulet)
HPRegen  0.20/turn              (no ring)
MPRegen  0.10/turn              (no ring)

@: lethally poisoned (0 -> -12), berserk cooldown, slowed, very slow
A: retaliatory headbutt, horns 2
a: Renounce Religion, Berserk, Trog's Hand


You were on level 4 of the Dungeon.
You worshipped Trog.
Trog was most pleased with you.
You visited 1 branch of the dungeon, and saw 4 of its levels.
You also visited: Sewer.

You collected 185 gold pieces.

Inventory:

Hand Weapons
 a - a +0 hand axe
 l - a +2 hand axe of freezing (weapon)
Armour
 b - a +0 animal skin (worn)
 t - a +1 pair of boots (worn)
Jewellery
 h - a +6 ring of strength {unknown}
 n - an uncursed amulet of regeneration {unknown}
 r - an uncursed ring of protection from fire {unknown}
Scrolls
 d - 2 scrolls of remove curse {unknown}
 e - 4 scrolls of enchant armour {unknown}
 f - 2 scrolls of random uselessness {unknown}
 g - a scroll of immolation {unknown}
 i - a scroll of amnesia {unknown}
 j - a scroll of fog {unknown}
 k - 5 scrolls of identify {unknown}
 m - 2 scrolls of blinking {unknown}
 q - 2 scrolls of teleportation {unknown}
Potions
 c - 3 potions of curing {unknown}
 o - 3 potions of flight {unknown}
 p - 2 potions of brilliance {unknown}
 s - a potion of magic {unknown}


   Skills:
 + Level 6.3 Fighting
 + Level 7.9 Axes
 + Level 2.6 Armour
 + Level 4.2 Dodging
 + Level 1.8 Stealth


You had 6 spell levels left.
You didn't know any spells.
Your spell library was empty.

Dungeon Overview and Level Annotations

Branches:
Dungeon (4/15)              Sewer (visited)
 Temple: D:4-7

Altars:
Ashenzari
Fedhas
Makhleb
The Shining One


Innate Abilities, Weirdness & Mutations

You reflexively headbutt those who attack you in melee.
You have a pair of horns on your head.


Message History

You slash the orc wizard! You freeze the orc wizard.
You kill the orc wizard!
Trog accepts your kill.
Trog appreciates your killing of a magic user.
* * * LOW HITPOINT WARNING * * *
You feel sick.
* * * LOW HITPOINT WARNING * * *
You feel sick.
Things that are here:
a +0 dagger; a +0 robe; 8 gold pieces You are too berserk!
You feel a strong urge to attack something.
* * * LOW HITPOINT WARNING * * *
You feel sick.
* * * LOW HITPOINT WARNING * * *
You feel sick.
You feel your anger nearly subside.
You are no longer berserk.
You are exhausted.
You feel yourself slow down.
You die...

.....'†...#..# ..#
.....####.##.#...#
.....# #.........#
###### #..###.#..#
#.)....#..#
#)...P.#..#
#).._$....#
#..P.P....#
#...)..#.@#
#....#....#
#..####...# .....#
#.>)# ###...
##.)o...# ....
+.......# .....
#.......+ #...#
#.......#
#.......#


You could see an orc wizard.

Vanquished Creatures
  6 big kobolds (Sewer)
  A scorpion (D:4)
  An orc wizard (D:4)
  An orc priest (D:4)
  11 adders
  2 river rats (Sewer)
  6 oozes (Sewer)
  5 worms
  A leopard gecko (D:1)
  5 orcs (D:4)
  3 giant cockroaches
  9 goblins
  10 hobgoblins
  4 ball pythons
  7 bats
  12 frilled lizards
  9 kobolds
  11 rats
104 creatures vanquished.

Vanquished Creatures (others)
  5 plants
5 creatures vanquished.

Grand Total: 109 creatures vanquished

Notes
Turn   | Place    | Note
-------+----------+-------------------------------------------
     0 | D:1      | Mysteryquy the Minotaur Berserker began the quest for the
                  | Orb.
     0 | D:1      | Reached XP level 1. HP: 19/19 MP: 0/0
   405 | D:1      | Reached XP level 2. HP: 27/27 MP: 1/1
   406 | D:1      | Reached skill level 4 in Axes
   944 | D:2      | Reached XP level 3. HP: 32/33 MP: 2/2
  1156 | D:2      | Found a glowing golden altar of the Shining One.
  1281 | D:2      | Found a burning altar of Makhleb.
  1562 | D:3      | Reached ** piety under Trog
  1581 | D:3      | Reached XP level 4. HP: 31/41 MP: 3/3
  1827 | D:3      | Found a glowing drain.
  1849 | D:3      | Reached skill level 5 in Axes
  1897 | Sewer    | Entered a sewer
  2025 | Sewer    | Reached XP level 5. HP: 39/47 MP: 4/4
  2136 | Sewer    | Reached skill level 1 in Stealth
  2287 | Sewer    | Reached skill level 5 in Fighting
  2287 | Sewer    | Reached skill level 6 in Axes
  2392 | Sewer    | Reached XP level 6. HP: 23/56 MP: 5/5
  2393 | Sewer    | Reached *** piety under Trog
  2753 | Sewer    | Reached skill level 7 in Axes
  2753 | Sewer    | Reached XP level 7. HP: 42/62 MP: 6/6
  3759 | D:4      | Found a broken altar of Ashenzari.
  3814 | D:4      | Found a blossoming altar of Fedhas.
  3840 | D:4      | HP: 4/94 [orc wizard/+0 dagger (4)]
  3844 | D:4      | HP: 1/94 [poisoned by a scorpion]
  3845 | D:4      | Succumbed to a scorpion's poison

Illustrated notes

Levels and vault maps discovered:
D:1:      matt_arrival_los_fun, layout_basic, minmay_lizard_king
D:2:      layout_rooms, tso_oasis_becter, lemuel_coloured_pillars_altar
D:3:      layout_basic, gup_sewer_entry_glass
D:4:      layout_basic, kennysheep_little_box, nzn_hepliaklqana_mist_gate,
          eat_drink_and_be_merry_uskayaw, nicolae_gozag_seed_capital,
          minmay_misc_feat_tower, fedhas_altar_1, uniq_grinder, uniq_edmund

Skill      XL: |  1  2  3  4  5  6  7 |
---------------+----------------------+-----
Fighting       | 4 5 6 |  6.3
Axes           | 4 5 6 7 |  7.9
Dodging        | 3 4 |  4.2
Stealth        | 1 |  1.8
Armour         | |  2.6

Action                   |  1- 3 |  4- 6 |  7- 9 || total
-------------------------+-------+-------+-------++-------
Melee: Hand axe          |    62 |    90 |    51 ||   203
       Headbutt          |     9 |    11 |     9 ||    29
Invok: Berserk           |     1 |       |     1 ||     2
Armor: Animal skin       |    15 |    12 |     8 ||    35
Dodge: Dodged            |    38 |    54 |    30 ||   122
